[ AOE2 MATCH · #505194172 ]
UnrankedBohemians vs Tatars
Player's team · LOSS
Rival team · WIN
[ REPLAY ANALYSIS · EXTRACTED FROM THE RECORDED GAME ]
Feudal
—
Castle
—
Imperial
—
| APM avg | 34.7 |
| APM peak | 104 |
| eAPM avg | 20.8 |
| Villagers / military | 162 / 71 |
Focus
⚔️ 23.6% · 🌾 76.4%
Skirmisher ×32 · Spearman ×27 · Bombard Cannon ×8 · Monk ×2 · Militia ×1 · Scout Cavalry ×1
Feudal
—
Castle
—
Imperial
—
| APM avg | 38.8 |
| APM peak | 94 |
| eAPM avg | 17.9 |
| Villagers / military | 177 / 104 |
Focus
⚔️ 32.1% · 🌾 67.9%
Steppe Lancer ×63 · Cavalry Archer ×30 · Trebuchet (Packed) ×6 · Monk ×5
Match map
Initial resources + every placement click. Lines = walls · curves = elevation contours. ◆ gold · ⬟ stone · ● berries · ✦ relic · ◌ wall gap
Your base· ✓ Closed at 12:53 · 15t walls · 3 gate(s)
Echo's base· ✓ Closed at 11:50 · 0t walls · 3 gate(s)
Smoothed initial terrain · ◌ = detected wall gap · hover for details
Inputs per minute
— ManyKitten76428 - - Echo
Build order — ManyKitten76428
First 150 of 402 actions detected
| 0:01 | Queue | Villager (Male) |
| 0:01 | Queue | Villager (Male) |
| 0:01 | Queue | Villager (Male) |
| 0:01 | Queue | Villager (Male) |
| 0:01 | Queue | Villager (Male) |
| 0:01 | Queue | Villager (Male) |
| 0:01 | Queue | Villager (Male) |
| 0:02 | Queue | Villager (Male) |
| 0:03 | Build | House |
| 0:05 | Build | House |
| 1:31 | Queue | Villager (Male) |
| 1:31 | Queue | Villager (Male) |
| 1:51 | Queue | Villager (Male) |
| 1:55 | Build | Lumber Camp |
| 2:10 | Queue | Villager (Male) |
| 2:34 | Queue | Villager (Male) |
| 2:34 | Queue | Villager (Male) |
| 3:12 | Queue | Villager (Male) |
| 3:37 | Build | House |
| 3:45 | Build | Palisade Wall |
| 3:47 | Build | Palisade Wall |
| 3:48 | Build | Palisade Wall |
| 3:49 | Build | Palisade Wall |
| 3:50 | Build | Palisade Wall |
| 3:50 | Build | Palisade Wall |
| 3:52 | Build | Palisade Wall |
| 3:53 | Build | Palisade Wall |
| 3:55 | Build | Palisade Wall |
| 3:56 | Build | Palisade Wall |
| 3:57 | Build | Palisade Wall |
| 3:58 | Build | Palisade Wall |
| 3:58 | Build | Palisade Wall |
| 3:59 | Build | Palisade Wall |
| 4:02 | Queue | Villager (Male) |
| 4:02 | Queue | Villager (Male) |
| 4:03 | Queue | Villager (Male) |
| 4:03 | Queue | Villager (Male) |
| 4:36 | Build | House |
| 4:49 | Build | Palisade Wall |
| 4:58 | Queue | Villager (Male) |
| 4:58 | Queue | Villager (Male) |
| 4:58 | Queue | Villager (Male) |
| 4:59 | Queue | Villager (Male) |
| 4:59 | Queue | Villager (Male) |
| 5:02 | Build | House |
| 5:40 | Build | Mining Camp |
| 6:49 | Queue | Villager (Male) |
| 6:50 | Queue | Villager (Male) |
| 6:50 | Queue | Villager (Male) |
| 8:11 | Queue | Villager (Male) |
| 8:17 | Build | Mill |
| 8:24 | Queue | Villager (Male) |
| 8:37 | Build | House |
| 8:56 | Queue | Villager (Male) |
| 9:07 | Build | Mining Camp |
| 9:19 | Research | Feudal Age |
| 10:01 | Queue | Villager (Male) |
| 10:02 | Queue | Villager (Male) |
| 10:40 | Build | Farm |
| 10:48 | Build | Farm |
| 11:31 | Research | Loom |
| 11:44 | Build | Blacksmith |
| 11:57 | Build | Market |
| 12:08 | Build | Farm |
| 12:34 | Build | Farm |
| 12:53 | Research | Castle Age |
| 13:55 | Build | Barracks |
| 14:05 | Queue | Villager (Male) |
| 14:05 | Queue | Villager (Male) |
| 14:08 | Research | Double-Bit Axe |
| 14:46 | Research | Horse Collar |
| 14:46 | Research | Horse Collar |
| 15:25 | Build | Stable |
| 15:38 | Build | Town Center |
| 15:51 | Queue | Villager (Male) |
| 15:59 | Build | Monastery |
| 16:17 | Queue | Spearman |
| 16:17 | Queue | Spearman |
| 16:35 | Build | Farm |
| 17:02 | Queue | Monk |
| 17:08 | Build | House |
| 17:26 | Queue | Militia |
| 17:28 | Queue | Spearman |
| 17:31 | Queue | Villager (Male) |
| 17:51 | Build | House |
| 17:53 | Build | Farm |
| 17:56 | Build | Farm |
| 18:24 | Queue | Scout Cavalry |
| 19:08 | Queue | Villager (Male) |
| 19:09 | Queue | Villager (Male) |
| 19:12 | Build | Farm |
| 19:13 | Build | Farm |
| 19:14 | Build | Farm |
| 19:16 | Build | Farm |
| 19:19 | Build | Farm |
| 19:21 | Build | Farm |
| 19:22 | Queue | Villager (Male) |
| 19:50 | Build | Farm |
| 19:52 | Queue | Villager (Male) |
| 20:01 | Queue | Villager (Male) |
| 20:05 | Build | Farm |
| 20:06 | Build | Farm |
| 20:09 | Build | Farm |
| 20:11 | Build | Farm |
| 20:20 | Build | Mill |
| 20:25 | Queue | Villager (Male) |
| 20:29 | Build | Farm |
| 20:30 | Build | Farm |
| 20:42 | Queue | Villager (Male) |
| 20:43 | Queue | Villager (Male) |
| 20:58 | Queue | Monk |
| 21:21 | Research | Fervor |
| 21:31 | Queue | Villager (Male) |
| 21:32 | Queue | Villager (Male) |
| 21:33 | Queue | Villager (Male) |
| 21:33 | Queue | Villager (Male) |
| 21:36 | Build | Farm |
| 21:45 | Build | Farm |
| 21:58 | Queue | Villager (Male) |
| 21:59 | Queue | Villager (Male) |
| 22:01 | Queue | Villager (Male) |
| 22:01 | Queue | Villager (Male) |
| 22:09 | Build | Town Center |
| 22:13 | Research | Heavy Plow |
| 22:20 | Build | Farm |
| 22:39 | Queue | Villager (Male) |
| 22:40 | Queue | Villager (Male) |
| 22:44 | Build | Farm |
| 22:51 | Queue | Villager (Male) |
| 23:07 | Build | Archery Range |
| 23:17 | Build | House |
| 23:20 | Queue | Villager (Male) |
| 23:21 | Queue | Villager (Male) |
| 23:22 | Queue | Villager (Male) |
| 23:37 | Research | Bow Saw |
| 23:45 | Build | Farm |
| 23:55 | Queue | Villager (Male) |
| 23:55 | Queue | Villager (Male) |
| 23:55 | Queue | Villager (Male) |
| 23:56 | Queue | Villager (Male) |
| 23:58 | Build | Farm |
| 24:08 | Queue | Villager (Male) |
| 24:10 | Queue | Villager (Male) |
| 24:11 | Queue | Villager (Male) |
| 24:12 | Queue | Villager (Male) |
| 24:26 | Build | Farm |
| 24:34 | Build | House |
| 24:35 | Build | House |
| 24:36 | Build | House |
| 24:43 | Build | Farm |
Build order — Echo
First 150 of 283 actions detected
| 0:04 | Queue | Villager (Male) ×4 |
| 0:05 | Build | House |
| 0:06 | Build | House |
| 1:39 | Queue | Villager (Male) |
| 1:39 | Queue | Villager (Male) |
| 1:47 | Build | Lumber Camp |
| 1:55 | Queue | Villager (Male) |
| 1:55 | Queue | Villager (Male) |
| 2:28 | Queue | Villager (Male) |
| 2:28 | Queue | Villager (Male) |
| 2:52 | Queue | Villager (Male) |
| 2:52 | Queue | Villager (Male) |
| 3:24 | Queue | Villager (Male) |
| 3:24 | Queue | Villager (Male) |
| 3:52 | Build | House |
| 3:53 | Build | House |
| 4:00 | Build | House |
| 4:01 | Build | House |
| 4:11 | Queue | Villager (Male) |
| 4:11 | Queue | Villager (Male) |
| 4:11 | Queue | Villager (Male) |
| 4:54 | Build | Mill |
| 5:15 | Queue | Villager (Male) |
| 5:15 | Queue | Villager (Male) |
| 5:15 | Queue | Villager (Male) |
| 6:41 | Queue | Villager (Male) |
| 6:41 | Queue | Villager (Male) |
| 6:41 | Queue | Villager (Male) |
| 7:26 | Build | Mining Camp |
| 7:39 | Queue | Villager (Male) |
| 8:19 | Queue | Villager (Male) |
| 8:20 | Research | Feudal Age |
| 9:27 | Queue | Villager (Male) |
| 9:28 | Queue | Villager (Male) |
| 9:37 | Build | Farm |
| 9:42 | Build | Farm |
| 9:44 | Build | House |
| 11:01 | Build | Market |
| 11:02 | Build | Blacksmith |
| 11:09 | Build | House |
| 11:50 | Research | Castle Age |
| 12:26 | Research | Double-Bit Axe |
| 12:27 | Research | Double-Bit Axe |
| 12:28 | Research | Horse Collar |
| 12:29 | Research | Horse Collar |
| 13:15 | Build | Outpost |
| 13:17 | Build | Outpost |
| 13:21 | Build | Outpost |
| 13:27 | Research | Town Watch |
| 13:27 | Queue | Villager (Male) |
| 13:28 | Queue | Villager (Male) |
| 13:35 | Build | Farm |
| 14:05 | Build | Farm |
| 14:20 | Queue | Villager (Male) |
| 14:29 | Build | Farm |
| 14:32 | Build | Farm |
| 14:40 | Build | Monastery |
| 14:57 | Queue | Villager (Male) |
| 15:13 | Build | Monastery |
| 15:26 | Queue | Monk |
| 15:27 | Queue | Monk |
| 15:36 | Build | House |
| 15:58 | Build | Town Center |
| 16:01 | Queue | Monk |
| 16:01 | Queue | Monk |
| 16:14 | Queue | Villager (Male) |
| 16:18 | Build | House |
| 16:41 | Build | Farm |
| 17:07 | Build | Farm |
| 17:08 | Build | Farm |
| 17:08 | Build | Farm |
| 17:18 | Build | Farm |
| 17:24 | Queue | Villager (Male) ×5 |
| 17:53 | Queue | Villager (Male) ×5 |
| 17:55 | Build | Farm |
| 18:32 | Queue | Monk |
| 18:58 | Queue | Villager (Male) ×5 |
| 19:11 | Build | Town Center |
| 19:46 | Queue | Villager (Male) ×5 |
| 19:49 | Build | House |
| 19:51 | Build | House |
| 19:58 | Queue | Villager (Male) ×5 |
| 20:04 | Queue | Villager (Male) ×4 |
| 20:35 | Build | Farm |
| 20:36 | Build | Farm |
| 20:36 | Build | Farm |
| 20:36 | Build | Farm |
| 20:36 | Build | Farm |
| 20:38 | Queue | Villager (Male) ×5 |
| 21:21 | Queue | Villager (Male) ×4 |
| 21:24 | Build | Farm |
| 21:24 | Build | Farm |
| 21:24 | Build | Farm |
| 21:24 | Build | Farm |
| 21:24 | Build | Farm |
| 21:25 | Build | Farm |
| 21:25 | Build | Farm |
| 21:35 | Build | Farm |
| 21:36 | Build | Farm |
| 21:47 | Build | House |
| 21:48 | Build | House |
| 21:58 | Research | Wheelbarrow |
| 22:01 | Build | House |
| 22:02 | Build | House |
| 22:27 | Build | Town Center |
| 22:34 | Build | Farm |
| 22:50 | Queue | Villager (Male) ×5 |
| 22:55 | Build | House |
| 22:56 | Build | House |
| 22:57 | Build | House |
| 22:58 | Build | Farm |
| 23:14 | Research | Hand Cart |
| 23:16 | Queue | Villager (Male) ×5 |
| 23:20 | Build | House |
| 23:22 | Build | House |
| 23:39 | Build | House |
| 23:40 | Build | House |
| 23:41 | Build | House |
| 23:41 | Build | House |
| 23:44 | Build | House |
| 23:47 | Build | Farm |
| 23:48 | Build | Farm |
| 23:53 | Queue | Villager (Male) |
| 23:54 | Queue | Villager (Male) |
| 23:54 | Queue | Villager (Male) |
| 23:54 | Queue | Villager (Male) |
| 23:55 | Queue | Villager (Male) |
| 24:03 | Build | Mill |
| 24:05 | Build | Farm |
| 24:05 | Build | Farm |
| 24:05 | Build | Farm |
| 24:05 | Build | Farm |
| 24:05 | Build | Farm |
| 24:11 | Build | Farm |
| 24:34 | Research | Heavy Plow |
| 24:43 | Build | Farm |
| 24:43 | Build | Farm |
| 24:43 | Build | Farm |
| 25:11 | Build | Lumber Camp |
| 25:12 | Queue | Villager (Male) ×5 |
| 25:24 | Build | University |
| 25:34 | Research | Bow Saw |
| 25:49 | Queue | Villager (Male) ×5 |
| 26:04 | Research | Imperial Age |
| 26:09 | Research | Stone Mining |
| 26:11 | Research | Gold Mining |
| 26:15 | Build | Mining Camp |
| 26:31 | Research | Fletching |
| 26:31 | Research | Padded Archer Armor |
| 26:35 | Build | Barracks |
Match timeline
| 3:45 | ManyKitten76428 · wall_segment Palisade Wall x1 |
| 3:47 | ManyKitten76428 · wall_segment Palisade Wall x1 |
| 3:48 | ManyKitten76428 · wall_segment Palisade Wall x1 |
| 3:49 | ManyKitten76428 · wall_segment Palisade Wall x1 |
| 3:50 | ManyKitten76428 · wall_segment Palisade Wall x1 |
| 3:50 | ManyKitten76428 · wall_segment Palisade Wall x1 |
| 3:52 | ManyKitten76428 · wall_segment Palisade Wall x1 |
| 3:53 | ManyKitten76428 · wall_segment Palisade Wall x1 |
| 3:55 | ManyKitten76428 · wall_segment Palisade Wall x1 |
| 3:56 | ManyKitten76428 · wall_segment Palisade Wall x1 |
| 3:57 | ManyKitten76428 · wall_segment Palisade Wall x1 |
| 3:58 | ManyKitten76428 · wall_segment Palisade Wall x1 |
| 3:58 | ManyKitten76428 · wall_segment Palisade Wall x1 |
| 3:59 | ManyKitten76428 · wall_segment Palisade Wall x1 |
| 4:49 | ManyKitten76428 · wall_segment Palisade Wall x1 |
| 13:55 | ManyKitten76428 · first_building Barracks |
| 14:40 | Echo · first_building Monastery |
| 15:25 | ManyKitten76428 · first_building Stable |
| 15:59 | ManyKitten76428 · first_building Monastery |
| 19:09 | Echo · first_market_sell 100 wood |
| 19:10 | Echo · first_market_buy 100 stone |
| 23:07 | ManyKitten76428 · first_building Archery Range |
| 26:35 | Echo · first_building Barracks |
| 26:44 | ManyKitten76428 · first_market_buy 100 food |
| 27:27 | Echo · first_building Archery Range |
| 28:05 | Echo · first_building Stable |
| 28:14 | ManyKitten76428 · first_building Siege Workshop |
| 30:09 | ManyKitten76428 · first_building Castle |
| 30:48 | Echo · first_building Castle |
| 40:50 | ManyKitten76428 · resign |
[ AI ANALYSIS · 1 CREDIT ]
What really happened in this match?
Wolo.gg analyzes every decision: build order, eco, micro, common mistakes by bracket. Personalized analysis on WhatsApp or Discord in 30 seconds.
Civ guide
Bohemians
Perfil
Jugador #15948060